 Dungeon Crawl Stone Soup version 0.17.0-7-gfadd4cc (console) character file.

126 gw the Vexing (level 4, 0/23 HPs)
             Began as a Spriggan Arcane Marksman on Nov 8, 2015.
             Slain by an adder (3 damage)
             ... on level 3 of the Dungeon.
             The game lasted 00:03:27 (3638 turns).

gw the Vexing (Spriggan Arcane Marksman)            Turns: 3638, Time: 00:03:27

Health: 0/23       AC:  2    Str:  7    XL:     4   Next: 84%
Magic:  6/10       EV: 18    Int: 15    God:    Xom [..*...]
Gold:   146        SH:  0    Dex: 15    Spells: 1 memorised, 9 levels left

rFire  . . .     SeeInvis +     b - +0 dagger (holy)
rCold  . . .     Clarity  .     c - +0 robe
rNeg   . . .     SustAt   .     (shield restricted)
rPois  .         Gourm    .     (helmet restricted)
rElec  .         Spirit   .     (no cloak)
rCorr  .         Warding  .     (gloves unavailable)
rMut   .         Stasis   .     (boots unavailable)
MR     .....                    h - amulet of rage
Stlth  +.........               (no ring)
                                (no ring)

@: lethally poisoned (0 -> -4), marked, drained, very quick, not resistant to
hostile enchantments, very unstealthy
A: unfitting armour, see invisible, herbivore 3, speed 3, slow metabolism 2
a: Renounce Religion, Evoke Berserk Rage


You were on level 3 of the Dungeon.
You worshipped Xom.
You were a toy of Xom.
You were very hungry.

You visited 1 branch of the dungeon, and saw 3 of its levels.

You collected 146 gold pieces.

Inventory:

Hand Weapons
 a - a +0 hunting sling
 b - a +0 dagger of holy wrath (weapon)
Missiles
 f - a sling bullet
 g - 38 stones (quivered)
Armour
 c - a +0 robe (worn)
Jewellery
 h - an amulet of rage (around neck)
Books
 d - a book of Debilitation

   Spells                             Type                      Level
   a - Corona                         Hexes                        1
   b - Slow                           Hexes                        2
   c - Gell's Gravitas                Hexes/Translocation          3
   d - Inner Flame                    Hexes/Fire                   3
   e - Cause Fear                     Hexes                        4
   f - Leda's Liquefaction            Hexes/Earth                  4
Comestibles
 e - 2 bread rations


   Skills:
 + Level 1.7(1.5) Fighting
 + Level 0.2(0.0) Short Blades
 + Level 3.1(2.8) Slings
 + Level 3.7(3.4) Dodging
 * Level 3.6(3.4) Spellcasting
 + Level 4.2(3.9) Hexes


You had 9 spell levels left.
You knew the following spells:

 Your Spells              Type           Power        Failure   Level  Hunger
a - Corona                Hex            ##.....      4%          1    None


Dungeon Overview and Level Annotations

Branches:
Dungeon (3/15)

Altars:
Ru
Xom


Innate Abilities, Weirdness & Mutations

You are tiny and cannot use many weapons and most armour.
You have supernaturally acute eyesight.
You are a herbivore.
You cover ground extremely quickly.
You need consume almost no food.


Message History

Unknown command.
Unknown command.
Unknown command.
FLEEEEING!
ATTACKING (0,-1)
You hit the adder.
The adder is lightly wounded.
You feel sick. The adder completely misses you. The adder bites you.
The adder completely misses you.
Unknown command.
Unknown command.
Unknown command.
Unknown command.
FLEEEEING!
ATTACKING (0,-1)
You hit the adder.
The adder is heavily wounded.
The adder misses you. The adder closely misses you. The adder bites you.
You die...
Xom chortles!

.....##.#...........(.#
#######.#.............
#######.#.....%.###.###
...............##..(..##
..............##_._....##
#######.##....#_~._._.~~###
#.##........~_..#7..#
#.......#7S#~.#.#.#
##########iSo7~..##
##Sg.~.## ###.###
######)#####.##
................
................
................
................
................


You could see 3 adders, an orc and a goblin.

Table legend:
 A = Turns spent in this place as a percentage of turns spent in the entire game.
 B = Non-inter-level travel turns spent in this place as a percentage of non-inter-level travel turns spent in the entire game.
 C = Inter-level travel turns spent in this place as a percentage of turns spent in this place.
 D = Turns resting spent in this place as a percentage of non-inter-level travel turns spent in this place.
 E = Turns spent auto-exploring this place as a percentage of non-inter-level travel turns spent in this place.
 F = Non-inter-level travel turns spent in this place divided by the number of levels of this place that you've seen.
                   A       B       C       D       E      F
               +-------+-------+-------+-------+-------+----------------------
         Total | 100.0 | 100.0 |   0.1 |   2.4 |   1.7 | 1846.3
       Dungeon | 100.0 | 100.0 |   0.1 |   2.4 |   1.7 | 1846.3
               +-------+-------+-------+-------+-------+----------------------

Table legend:
 A = Kills in this place as a percentage of kills in entire the game.
 B = Kills by you in this place as a percentage of kills by you in the entire game.
 C = Kills by friends in this place as a percentage of kills by friends in the entire game.
 D = Other kills in this place as a percentage of other kills in the entire game.
 E = Experience gained in this place as a percentage of experience gained in the entire game.
 F = Experience gained in this place divided by the number of levels of this place that you have seen.
                   A       B       C       D       E      F
               +-------+-------+-------+-------+-------+----------------------
         Total | 100.0 | 100.0 |  -nan |  -nan | 100.0 |  60.3
       Dungeon | 100.0 | 100.0 |  -nan |  -nan | 100.0 |  60.3
               +-------+-------+-------+-------+-------+----------------------

Vanquished Creatures
  Ijyb (D:2)
  3 adders (D:2)
  A worm (D:2)
  4 giant geckos
  4 orcs (D:3)
  3 giant cockroaches
  5 goblins
  6 hobgoblins
  4 jackals (D:1)
  A quokka (D:2)
  12 bats
  2 giant newts
  5 kobolds
  11 rats
62 creatures vanquished.

Notes
Turn   | Place    | Note
--------------------------------------------------------------
     0 | D:1      | gw the Spriggan Arcane Marksman began the quest for the Orb.
     0 | D:1      | Reached XP level 1. HP: 9/9 MP: 3/3
   157 | D:1      | Reached XP level 2. HP: 14/14 MP: 0/5
   507 | D:1      | Reached skill level 1 in Fighting
   935 | D:1      | Reached XP level 3. HP: 18/18 MP: 5/7
  2055 | D:2      | Found a sacrificial altar of Ru.
  2359 | D:2      | Noticed Ijyb
  2394 | D:2      | Killed Ijyb
  2394 | D:2      | Reached skill level 4 in Hexes
  2394 | D:2      | Reached XP level 4. HP: 19/23 MP: 8/10
  3584 | D:3      | Found a shimmering altar of Xom.
  3587 | D:3      | Found a shimmering altar of Xom.
  3587 | D:3      | Found a shimmering altar of Xom.
  3587 | D:3      | Found a shimmering altar of Xom.
  3588 | D:3      | Found a shimmering altar of Xom.
  3589 | D:3      | Found a shimmering altar of Xom.
  3602 | D:3      | Became a worshipper of Xom of Chaos
  3638 | D:3      | Slain by an adder

Action                   |  1- 3 |  4- 6 || total
-------------------------+-------+-------++-------
Melee: Club              |    30 |       ||    30
       Dagger            |       |    21 ||    21
 Fire: Hunting sling     |    99 |    48 ||   147
 Cast: Corona            |    55 |    31 ||    86

Vault maps used:
D:1:      evilmike_arrival_hilbert_curve
D:2:      nicolae_ru_awakened_eye, uniq_iyjb
D:3:      first_bread, xom_redecorated
